AoeStats
← liberal_aftermath

Arena

510701753Analyzed
1v1 RM · 12h ago on Oct 2, 2026· 143m 50s· 2 players
Game mode
Random Map
Map size
Tiny (2 player)
Population
200
Speed
Normal
Resources
Standard
Victory
Conquest
Starting age
Dark Age
Ending age
Imperial Age
RankedLock teamsTeams togetherTeam positionsShared explorationLock speedFull tech treeHidden civsTurbo modeCheats
Victory
Defeat
🇨🇳 Bulgarians · China
608
+20
🇨🇳 Danes · China
693
-20
liberal_aftermath
1:57 Loom
13:17 Feudal Age
14:30 Double-Bit Axe
14:45 Horse Collar
15:35 Gold Mining
18:18 Wheelbarrow
21:21 Castle Age
20:04 Bloodlines
20:47 Forging
20:51 Scale Mail Armor
22:47 Husbandry
25:14 Stone Mining
25:30 Fletching
27:08 Heavy Plow
27:28 Bow Saw
30:39 Iron Casting
33:07 Bodkin Arrow
35:34 Town Watch
37:13 Scale Barding Armor
40:50 Imperial Age
40:52 Chain Barding Armor
41:20 Stirrups
43:27 Murder Holes
43:44 Masonry
47:00 Bracer
48:46 Architecture
53:51 Blast Furnace
54:43 Plate Barding Armor
53:35 Cavalier
56:15 Hand Cart
56:27 Hand Cart
61:54 Crop Rotation
63:58 Ballistics
63:53 Thumb Ring
66:31 Elite Skirmisher
68:31 Chemistry
68:21 Squires
70:15 Gambesons
70:31 Gambesons
72:17 Padded Archer Armor
72:33 Chain Mail Armor
76:24 Leather Archer Armor
78:08 Bagains
81:16 Pikeman
82:18 Halberdier
92:56 Arson
104:43 Siege Engineers
105:23 Town Patrol
115:18 Plate Mail Armor
119:18 Light Cavalry
120:42 Hussar
139:30 Conscription
Antonio
11:53 Feudal Age
15:27 Castle Age
14:53 Scale Mail Armor
15:03 Forging
18:28 Double-Bit Axe
18:49 Horse Collar
29:29 Fletching
31:29 Chain Mail Armor
31:49 Iron Casting
35:51 Imperial Age
33:07 Loom
33:58 Wheelbarrow
33:09 Town Watch
33:15 Man-at-Arms
33:41 Gambesons
33:56 Squires
33:41 Arson
34:11 Pikeman
34:55 Long Swordsman
37:03 Iron Casting
36:09 Two-Handed Swordsman
36:10 Halberdier
37:12 Bow Saw
37:06 Heavy Plow
37:04 Onager
38:15 Conscription
37:46 Loom
38:36 Hand Cart
38:06 Champion
39:48 Stone Mining
39:48 Gold Mining
40:06 Siege Onager
42:18 Siege Engineers
43:29 Plate Mail Armor
43:59 Blast Furnace
43:29 Plate Mail Armor
44:00 Blast Furnace
42:54 Northmen's Fury
48:20 Bodkin Arrow
50:52 Gold Mining
50:52 Stone Mining
50:52 Gold Mining
52:16 Stone Shaft Mining
52:16 Gold Shaft Mining
55:24 Gold Shaft Mining
56:30 Gold Shaft Mining
60:18 Scale Barding Armor
60:13 Padded Archer Armor
60:13 Bracer
60:45 Masonry
61:35 Chemistry
60:31 Murder Holes
60:56 Ballistics
60:23 Arrowslits
62:39 Hoardings
76:40 Spies/Treason
81:41 Town Patrol
82:08 Guard Tower
84:22 Keep
93:07 Elite Varangian Guard
97:31 Chain Barding Armor
97:27 Leather Archer Armor
97:09 Hamask
99:03 Plate Barding Armor
111:03 Ring Archer Armor
Connection lost

Rejoining the realm…

Still unreachable

The connection could not be restored.

Session expired

The server has moved on; the page needs a fresh start.